AoeStats
← курди рс

Black Forest

509890641Analyzed
4v4 RM · 3d ago on Sep 28, 2026· 52m 23s· 8 players
Game mode
Random Map
Map size
Large (8 player)
Population
200
Speed
Normal
Resources
Standard
Victory
Conquest
Starting age
Dark Age
Ending age
Imperial Age
RankedLock teamsTeams togetherTeam positionsShared explorationLock speedFull tech treeHidden civsTurbo modeCheats
Victory
Defeat
🇷🇺 Franks · Russia
1019
+13
🇦🇹 Burmese · Austria
976
+15
🇨🇿 Saracens · Czechia
968
+15
🇵🇹 Mapuche · Portugal
963
+15
🇧🇷 Sicilians · Brazil
989
-16
🇦🇷 Portuguese · Argentina
984
-16
🇨🇳 Poles · China
924
-14
🇻🇳 Bulgarians · Vietnam
891
-12
DESTINNI
7:57 Loom
10:11 Feudal Age
11:55 Double-Bit Axe
11:52 Horse Collar
17:02 Castle Age
18:18 Bow Saw
18:09 Heavy Plow
18:00 Gold Mining
18:01 Stone Mining
25:07 Wheelbarrow
24:19 Town Watch
29:28 Imperial Age
27:36 Hand Cart
27:54 Fervor
29:00 Gold Shaft Mining
30:13 Town Patrol
31:36 Two-Man Saw
32:04 Scale Barding Armor
32:10 Forging
31:50 Fletching
32:01 Padded Archer Armor
32:02 Scale Mail Armor
32:55 Conscription
33:48 Bloodlines
33:38 Husbandry
32:59 Heavy Camel Rider
35:14 Chain Barding Armor
35:30 Iron Casting
34:17 Elite Mameluke
35:14 Bodkin Arrow
35:26 Siege Engineers
35:32 Masonry
35:04 Onager
36:06 Caravan
36:35 Counterweights
36:39 Bimaristan
38:48 Plate Barding Armor
40:44 Blast Furnace
43:06 Fortified Wall
42:51 Murder Holes
43:57 Chemistry
43:17 Ballistics
44:10 Hoardings
46:37 Bracer
46:53 Leather Archer Armor
46:38 Scale Mail Armor
Bantum
1:34 Loom
10:01 Feudal Age
17:00 Castle Age
15:17 Horse Collar
19:59 Gold Mining
21:43 Wheelbarrow
23:29 Heavy Plow
24:07 Hand Cart
27:34 Bloodlines
27:40 Forging
27:36 Scale Barding Armor
31:54 Imperial Age
30:10 Iron Casting
30:36 Caravan
30:44 Stone Mining
31:29 Gold Shaft Mining
31:34 Chain Barding Armor
31:23 Husbandry
32:14 Elite Battle Elephant
34:03 Blast Furnace
33:50 Plate Barding Armor
34:43 Chemistry
33:24 Treadmill Crane
37:05 Conscription
36:54 Howdah
36:55 Manipur Cavalry
45:45 Coinage
45:46 Man-at-Arms
46:12 Gambesons
D. Pires IV
0:35 Loom
13:17 Feudal Age
14:24 Double-Bit Axe
15:29 Gold Mining
21:00 Castle Age
21:18 Wheelbarrow
23:17 Bow Saw
24:32 Wheelbarrow
23:41 Horse Collar
27:12 Town Watch
27:18 Fletching
30:41 Bodkin Arrow
30:31 Champi Runner
35:38 Imperial Age
33:18 Champi Warrior
34:48 Forging
34:38 Scale Mail Armor
35:38 Scale Mail Armor
36:36 Iron Casting
36:41 Conscription
37:29 Onager
37:57 Pikeman
39:58 Padded Archer Armor
44:21 Butalmapu
44:24 Elite Skirmisher
45:24 Elite Champi Warrior
курди рс
0:28 Loom
14:07 Feudal Age
16:05 Wheelbarrow
17:54 Castle Age
16:30 Double-Bit Axe
19:53 Wheelbarrow
19:48 Bow Saw
20:56 Bow Saw
26:05 Hand Cart
25:37 Town Watch
26:33 Gold Mining
28:43 Gold Shaft Mining
28:58 Fletching
29:19 Forging
29:56 Bodkin Arrow
30:08 Scale Barding Armor
30:07 Stone Mining
31:39 Ballistics
31:14 Treadmill Crane
32:29 Murder Holes
33:32 Caravan
36:48 Imperial Age
36:08 Town Patrol
37:35 Iron Casting
37:02 Squires
37:54 Conscription
37:34 Chivalry
37:56 Husbandry
37:17 Cavalier
39:26 Chemistry
38:32 Siege Engineers
40:41 Blast Furnace
41:17 Chain Barding Armor
41:56 Paladin
42:49 Light Cavalry
45:21 Plate Barding Armor
47:56 Masonry
48:31 Hoardings
47:20 Elite Throwing Axeman
49:46 Architecture
KFE@ segundo pior
0:33 Loom
13:40 Feudal Age
14:15 Double-Bit Axe
14:27 Horse Collar
15:28 Town Watch
16:45 Wheelbarrow
20:45 Fletching
21:06 Forging
20:57 Scale Mail Armor
21:22 Gold Mining
21:23 Stone Mining
23:06 Man-at-Arms
23:32 Arson
26:30 Castle Age
27:54 Bow Saw
28:40 Pikeman
30:02 Iron Casting
29:42 Chain Mail Armor
30:03 Heavy Plow
30:08 Gambesons
30:24 Squires
34:14 Bodkin Arrow
37:58 Hand Cart
39:38 Gold Shaft Mining
39:39 Stone Shaft Mining
45:03 Imperial Age
42:44 Scale Barding Armor
42:39 Padded Archer Armor
45:35 First Crusade
49:38 Imperial Age
jimmi
0:34 Loom
13:44 Feudal Age
18:18 Castle Age
16:20 Double-Bit Axe
16:20 Horse Collar
19:47 Wheelbarrow
23:30 Town Watch
26:49 Gold Mining
26:50 Stone Mining
28:42 Fortified Wall
28:28 Murder Holes
33:20 Imperial Age
31:31 Stone Shaft Mining
31:19 Bow Saw
31:13 Heavy Plow
31:32 Treadmill Crane
32:18 Pikeman
33:21 Ballistics
32:31 Light Cavalry
33:22 Bloodlines
33:12 Husbandry
33:19 Padded Archer Armor
33:09 Fletching
35:28 Chemistry
35:04 Crop Rotation
34:12 Halberdier
35:34 Gambesons
35:10 Man-at-Arms
35:35 Arson
36:44 Leather Archer Armor
36:32 Scale Mail Armor
35:56 Elite Skirmisher
37:06 Long Swordsman
38:06 Forging
38:03 Scale Barding Armor
39:03 Chain Mail Armor
38:30 Crossbowman
39:54 Conscription
43:30 Hand Cart
43:15 Town Patrol
45:03 Elite Organ Gun
摘星怪
1:31 Loom
14:49 Feudal Age
18:57 Castle Age
17:06 Double-Bit Axe
18:26 Horse Collar
20:09 Bow Saw
20:16 Stone Mining
22:14 Heavy Plow
25:54 Gold Mining
29:18 Wheelbarrow
30:04 Stone Shaft Mining
34:11 Imperial Age
32:47 Hand Cart
32:20 Town Watch
32:49 Forging
32:44 Scale Barding Armor
34:01 Iron Casting
33:46 Chain Barding Armor
33:58 Szlachta Privileges
35:07 Bloodlines
34:57 Husbandry
34:18 Light Cavalry
35:22 Conscription
35:24 Lechitic Legacy
36:23 Blast Furnace
37:07 Masonry
36:38 Treadmill Crane
36:55 Murder Holes
36:45 Winged Hussar
37:51 Fortified Wall
38:44 Chemistry
39:31 Elite Obuch
39:53 Elite Obuch
42:11 Scale Mail Armor
42:33 Pikeman
43:13 Squires
42:58 Arson
42:49 Cavalier
46:19 Chain Mail Armor
48:22 Plate Mail Armor
yukinohana.htn
11:57 Feudal Age
12:23 Double-Bit Axe
12:19 Horse Collar
19:21 Castle Age
17:32 Gold Mining
18:37 Forging
18:32 Scale Mail Armor
20:20 Heavy Plow
22:42 Bow Saw
24:45 Wheelbarrow
24:18 Squires
24:05 Arson
25:24 Chain Mail Armor
25:59 Stone Mining
25:44 Pikeman
27:45 Iron Casting
28:20 Stone Shaft Mining
28:22 Gold Shaft Mining
31:49 Imperial Age
29:52 Gambesons
30:16 Scale Barding Armor
30:52 Murder Holes
32:05 Ballistics
32:13 Chain Barding Armor
33:50 Chemistry
34:16 Hand Cart
33:39 Capped Ram
33:47 Halberdier
34:59 Plate Mail Armor
36:10 Onager
40:08 Blast Furnace
39:45 Hand Cart
Connection lost

Rejoining the realm…

Still unreachable

The connection could not be restored.

Session expired

The server has moved on; the page needs a fresh start.